 Dungeon Crawl Stone Soup version 0.17-a0-1079-g9903972 (webtiles) character file.

60 Lektor the Magician (level 4, -1/37 HPs)
             Began as a Naga Wizard on May 19, 2015.
             Slain by an orc priest
             ... wielding a +0 flail
              (3 damage)
             ... on level 3 of the Dungeon.
             The game lasted 00:10:03 (1898 turns).

Lektor the Magician (Naga Wizard)                   Turns: 1898, Time: 00:10:03

Health: -1/37      AC:  5    Str: 10    XL:     4   Next: 6%
Magic:  3/9        EV:  9    Int: 19    God:
Gold:   137        SH:  0    Dex:  9    Spells: 4 memorised, 1 level left

rFire  . . .     SeeInvis +     n - +0 dagger (curse)
rCold  . . .     Clarity  .     a - +0 robe
rNeg   . . .     SustAb   .     (no shield)
rPois  +         Gourm    .     b - +0 hat
rElec  .         Spirit   .     u - +0 cloak
rCorr  .         Warding  .     (no gloves)
rMut   .         Stasis   .     (no barding)
MR     .....                    (no amulet)
Stlth  ++........               (no ring)
                                (no ring)

@: short of breath, very slow, not resistant to hostile enchantments, unstealthy
A: yellow scales 1, see invisible, deformed body, poison resistance, slowness 2,
slow metabolism 1, spit poison 2, AC +1
a: Spit Poison


You were on level 3 of the Dungeon.
You were hungry.

You visited 1 branch of the dungeon, and saw 3 of its levels.

You collected 137 gold pieces.

Inventory:

Hand weapons
 m - a +0 dagger
 n - a cursed +0 dagger (weapon)
 o - a +0 short sword
Missiles
 i - a throwing net (quivered)
 k - 17 poisoned needles
Armour
 a - a +0 robe (worn)
 b - a +0 hat (worn)
 s - a +0 robe
 u - a +0 cloak (worn)
 w - a +0 buckler
Magical devices
 r - a wand of heal wounds (5)
Scrolls
 j - 4 scrolls of identify
Potions
 e - a potion of haste
 g - a potion of beneficial mutation
 h - a potion of agility {unknown}
 q - a potion of poison {unknown}
 t - a potion of mutation {unknown}
 v - a potion of cancellation {unknown}
Books
 c - a book of Minor Magic

   Spells                             Type                      Level
   a - Magic Dart                     Conjuration                  1
   b - Blink                          Translocation                2
   c - Call Imp                       Summoning                    2
   d - Repel Missiles                 Charms/Air                   2
   e - Slow                           Hexes                        2
   f - Conjure Flame                  Conjuration/Fire             3
   g - Mephitic Cloud                 Conjuration/Poison/Air       3
Comestibles
 d - a bread ration
 f - 4 chunks of flesh
 l - a royal jelly
 p - a meat ration


   Skills:
 - Level 0.8 Fighting
 - Level 1.6 Dodging
 - Level 3.1 Stealth
 - Level 3.4 Spellcasting
 + Level 2.8 Conjurations
 - Level 1.0 Summonings
 - Level 1.0 Translocations
 + Level 0.2 Air Magic
 + Level 0.3 Poison Magic


You had one spell level left.
You knew the following spells:

 Your Spells              Type           Power        Failure   Level  Hunger
a - Magic Dart            Conj           ##..         6%          1    None
b - Blink                 Tloc           N/A          17%         2    ##.....
c - Mephitic Cloud        Conj/Pois/Air  #.......     34%         3    ###....
d - Call Imp              Summ           #.......     17%         2    ##.....


Dungeon Overview and Level Annotations

Branches:
Dungeon (3/15)

Altars:
Dithmenos


Innate Abilities, Weirdness & Mutations

You cannot wear boots.
Your serpentine skin is tough (AC +1).
You have supernaturally acute eyesight.
Armour fits poorly on your strangely shaped body.
Your system is resistant to poisons.
You cover ground very slowly.
You have a slow metabolism.
You can spit poison.
You are partially covered in yellow scales (AC +2).


Message History

The orc appears confused.
The goblin is engulfed in noxious fumes.
The goblin appears confused.
Use which ability? (? or * to list)
Press: ? - help, Shift-Dir - straight line, f - orc priest
Aim: an orc priest, wielding a flail and wearing a ring mail (severely wounded, poisoned)
The splash of poison hits the orc priest.
The orc priest appears unharmed.
The orc priest is severely wounded.
You feel slightly more hungry.
The orc hits you from afar with a trident.
* * * LOW HITPOINT WARNING * * *
The orc priest hits you with a flail!
* * * LOW HITPOINT WARNING * * *
Drink which item? (? for menu, Esc to quit)
It was a potion of beneficial mutation.
Yellow scales grow over part of your body.
You feel fantastic!
The orc hits the goblin with a dagger.
The orc priest hits you with a flail.
You die...

.. . .. .
... .#...
#######..#
#...§@§go#
#o..o§§..#
#...o§o..#
#...........
#..........#
####.....#.#
#.........
........#.
........#


You could see an orc priest, an orc wizard (confused), 3 orcs and a goblin
(confused).

Vanquished Creatures
  An adder (D:2)
  An ooze (D:1)
  A worm (D:2)
  3 giant geckos (D:1)
  3 bats
  7 goblins
  7 hobgoblins
  3 jackals (D:1)
  2 ball pythons (D:1)
  2 giant newts
  5 kobolds
  6 rats
41 creatures vanquished.

Notes
Turn   | Place    | Note
--------------------------------------------------------------
     0 | D:1      | Lektor the Naga Wizard began the quest for the Orb.
     0 | D:1      | Reached XP level 1. HP: 15/15 MP: 4/4
   104 | D:1      | Reached XP level 2. HP: 14/22 MP: 0/6
   629 | D:1      | HP: 1/22 [jackal (1)]
   697 | D:1      | Reached XP level 3. HP: 7/28 MP: 7/7
  1223 | D:2      | Learned a level 2 spell: Blink
  1227 | D:2      | Learned a level 3 spell: Mephitic Cloud
  1230 | D:2      | Learned a level 2 spell: Call Imp
  1727 | D:2      | Reached XP level 4. HP: 37/37 MP: 7/9
  1823 | D:2      | Found a shadowy altar of Dithmenos.
  1897 | D:3      | HP: 1/37 [orc priest/flail (8)]
  1898 | D:3      | Gained mutation: You are partially covered in yellow scales (AC +2). [potion of beneficial mutation]
  1898 | D:3      | Slain by an orc priest

Vault maps used:
D:1:      lightli_arrival_chessboard, minmay_quantized
D:2:      grunt_dithmenos_smoke

Action                   |  1- 3 |  4- 6 || total
-------------------------+-------+-------++-------
Melee: Unarmed           |    25 |       ||    25
       Club              |     2 |       ||     2
       Dagger            |    34 |     8 ||    42
 Cast: Magic Dart        |    38 |     2 ||    40
       Mephitic Cloud    |       |     2 ||     2
 Abil: Spit Poison       |    22 |     4 ||    26
  Use: Scroll            |     3 |       ||     3
       Potion            |       |     1 ||     1
 Stab: Sleeping          |     2 |       ||     2
  Eat: Chunk             |     3 |       ||     3
